 Dungeon Crawl Stone Soup version 0.28.0-53-g5a82cb258f (webtiles) character file.

Game seed: 8897077967194081449

681 funkygono the Bolt Thrower (level 7, -1/60 HPs)
             Began as a Minotaur Hunter on July 2, 2022.
             Was a Follower of Okawaru.
             Slain by an ogre
             ... wielding a +0 giant spiked club
              (12 damage)
             ... on level 5 of the Dungeon.
             The game lasted 00:08:59 (4957 turns).

funkygono the Bolt Thrower (Minotaur Hunter)        Turns: 4957, Time: 00:09:00

Health: -1/60      AC: 12    Str: 21    XL:     7   Next: 34%
Magic:  6/6        EV:  7    Int: 11    God:    Okawaru [*.....]
Gold:   183        SH:  0    Dex: 14    Spells: 6/6 levels left

rFire   . . .      SeeInvis .   a - +0 long sword
rCold   x . .      Faith    .   (no shield)
rNeg    + . .      Spirit   .   y - +0 plate armour
rPois   .          Reflect  .   (helmet restricted)
rElec   .          Harm     .   (no cloak)
rCorr   .          Rampage  .   h - +0 pair of gloves
Will    +....                   (no boots)
Stlth   ..........              (no amulet)
HPRegen 0.20/turn               x - ring of willpower
MPRegen 0.10/turn               s - ring "Xanter Wuyv" {rC- rN+ Str+2 Int+3 Dex+4}

@: no status effects
A: horns 2, retaliatory headbutt
a: Renounce Religion, Heroism


You were on level 5 of the Dungeon.
You worshipped Okawaru.
Okawaru was aware of your devotion.
You visited 1 branch of the dungeon, and saw 5 of its levels.

You collected 183 gold pieces.

Inventory:

Hand Weapons
 a - a +0 long sword (weapon)
 b - a +1 hand crossbow
 g - a +0 short sword
 i - a +0 mace of protection
 j - the +4 mace of Rotation {elec, Str+2}
   (You found it on level 2 of the Dungeon)

   It occasionally discharges a powerful burst of electricity upon striking a
   foe.
   Str:       It affects your strength (+2).
 w - a +3 whip
Missiles
 d - 8 bolts
Armour
 c - a +0 leather armour
 f - a +0 ring mail
 h - a +0 pair of gloves (worn)
 y - a +0 plate armour (worn)
Jewellery
 o - a ring of protection from cold
 s - the ring "Xanter Wuyv" (right hand) {rC- rN+ Str+2 Int+3 Dex+4}
   (You found it on level 2 of the Dungeon)

   [ring of positive energy]

   Str:       It affects your strength (+2).
   Int:       It affects your intelligence (+3).
   Dex:       It affects your dexterity (+4).
   rC:        It makes you vulnerable to cold.
   rN:        It protects you from negative energy.
 x - a ring of willpower (left hand)
Wands
 u - a wand of iceblast (10)
Scrolls
 e - a scroll of fear
 k - a scroll of fog
 l - a scroll of blinking {unknown}
 z - a scroll of identify
Potions
 m - a potion of heal wounds
 n - a potion of brilliance {unknown}
 p - a potion of attraction {unknown}
 q - 2 potions of ambrosia
 r - 2 potions of curing
 t - a potion of might {unknown}
 v - 3 potions of mutation
 A - a potion of haste {unknown}


   Skills:
 + Level 4.4 Fighting
 + Level 4.0 Long Blades
 + Level 6.9 Crossbows
 + Level 3.7 Armour
 + Level 3.3 Dodging
 + Level 1.3 Stealth


You had 6 spell levels left.
You didn't know any spells.
Your spell library contained the following spells:

 Spells                   Type           Power      Damage    Failure   Level
 Magic Dart               Conj           0%         1d3       100%        1
 Searing Ray              Conj           0%         2d4       100%        2
 Conjure Flame            Conj/Fire      0%         6-21      100%        3
 Ignite Poison            Fire/Tmut/Pois 0%         N/A       100%        3
 Fulminant Prism          Conj/Hex       0%         3d6       100%        4
 Sticky Flame             Conj/Fire      0%         2d3       100%        4


Dungeon Overview and Level Annotations

Branches:
Dungeon (5/15)
 Temple: D:4-7

Altars:
Makhleb
Nemelex Xobeh
Okawaru


Innate Abilities, Weirdness & Mutations

You have a pair of horns on your head.
You reflexively headbutt those who attack you in melee.


Message History

Found 10 arrows.
a - a +0 long sword (weapon)
The adder bites you.
You are poisoned.
The adder poisons you!
You closely miss the adder.
You feel sick. The adder bites you.
You are more poisoned.
The adder poisons you!
You hit the adder.
The adder is moderately wounded.
You feel sick. The adder barely misses you.
The adder bites you but does no damage.
You hit the adder but do no damage.
The adder is moderately wounded.
You feel sick. The adder barely misses you.
The adder bites you but does no damage.
You closely miss the adder.
The adder is moderately wounded.
You feel sick. The adder bites you but does no damage.
You slash the adder!
You kill the adder!
Okawaru accepts your kill.
You feel sick.
You hit the ogre.
The ogre is lightly wounded.
You feel sick.
The ogre hits you with a +0 giant spiked club!!
You barely miss the ogre. You headbutt the ogre.
The ogre is moderately wounded.
You feel sick.
You are no longer poisoned.
The ogre barely misses you.
You barely miss the ogre. You headbutt the ogre!
The ogre is severely wounded.
The ogre hits you with a +0 giant spiked club!
* * * LOW HITPOINT WARNING * * *
You barely miss the ogre. You headbutt the ogre.
The ogre is almost dead.
The ogre hits you with a +0 giant spiked club!
You die...

..............# #. #.
###.....####.# #. #.#
##...## #.# #. #.# ##.##
#.#########. #.## #.#
##........... #..## +#.#+
##..###.......
##...###...###....##...###.
#
#........8.............#...
#.
#....###..@###....##.......
>.#####...##
+#.#O.##..####.##.#.
.........##
#.#O..##.###..#....
.##.####.#
##.##...#........... #.#
#.# ##...##.(#.###.##....
#.# #.####.....####.#
#.###... #.#
#...............# #.# ##.>
#.# ######.#.######## #.#
#.. #.#########...# #.# ###


You could see 2 ogres.

Vanquished Creatures
  Menkaure (D:4)
  A necrophage (D:5)
  A phantom (D:5)
  A scorpion (D:3)
  A hound (D:3)
  4 orc priests
  An orc wizard (D:3)
  3 gnolls (D:5)
  5 adders
  3 dart slugs
  2 worms (D:3)
  6 orcs
  4 ball pythons
  6 endoplasms
  7 giant cockroaches
  10 goblins
  9 hobgoblins
  4 jackals (D:3)
  7 quokkas
  4 bats
  3 frilled lizards (D:1)
  9 kobolds
  5 rats
97 creatures vanquished.

Notes
Turn   | Place    | Note
-------+----------+-------------------------------------------
     0 | D:1      | funkygono the Minotaur Hunter began the quest for the Orb.
     0 | D:1      | Reached XP level 1. HP: 18/18 MP: 0/0
   253 | D:1      | Reached XP level 2. HP: 25/25 MP: 1/1
   338 | D:1      | Reached skill level 5 in Crossbows
   629 | D:1      | Reached XP level 3. HP: 30/30 MP: 2/2
  1097 | D:2      | Identified the +4 mace of Rotation {elec, Str+2}
  1157 | D:2      | Reached skill level 1 in Armour
  1292 | D:2      | Reached skill level 1 in Long Blades
  1535 | D:2      | Reached XP level 4. HP: 20/38 MP: 3/3
  1784 | D:2      | Identified the ring "Xanter Wuyv" {rC- rN+ Str+2 Int+3
                  | Dex+4}
  2166 | D:3      | Reached skill level 1 in Stealth
  2211 | D:3      | Found an iron altar of Okawaru.
  2218 | D:3      | Found a burning altar of Makhleb.
  2225 | D:3      | Became a worshipper of Warmaster Okawaru
  2236 | D:3      | Found a sparkling altar of Nemelex Xobeh.
  2714 | D:3      | Found a faded altar of an unknown god.
  2853 | D:3      | Reached XP level 5. HP: 37/45 MP: 4/4
  3205 | D:3      | Reached skill level 6 in Crossbows
  3205 | D:3      | Reached XP level 6. HP: 33/52 MP: 5/5
  4056 | D:4      | Noticed Menkaure
  4062 | D:4      | Killed Menkaure
  4062 | D:4      | Reached * piety under Okawaru
  4654 | D:5      | Entered Level 5 of the Dungeon
  4707 | D:5      | Reached XP level 7. HP: 59/59 MP: 6/6
  4957 | D:5      | Slain by an ogre

Illustrated notes

Levels and vault maps discovered:
D:1:      tarquinn_simple_flora_water_b, layout_loops_cross
D:2:      kennysheep_the_goblin_king, layout_basic
D:3:      layout_basic, minmay_overflow_temple_star_quad,
          nicolae_ecumenical_lake_church, minmay_stone_trees_large
D:4:      layout_rooms, uniq_menkaure
D:5:      cheibrodos_barr_body, layout_loops_ring,
          minmay_temple_entry_gardened_gates

Skill      XL: |  1  2  3  4  5  6  7 |
---------------+----------------------+-----
Crossbows      | 5 6 |  6.9
Armour         | 1 2 3 |  3.7
Long Blades    | 1 2 3 4 |  4.0
Fighting       | 3 4 |  4.4
Stealth        | 1 |  1.3
Dodging        | 3 |  3.3

Action                   |  1- 3 |  4- 6 |  7- 9 || total
-------------------------+-------+-------+-------++-------
Melee: Short sword       |     6 |       |       ||     6
       Long sword        |    50 |    81 |    20 ||   151
       Headbutt          |     8 |    19 |     3 ||    30
 Fire: Hand crossbow     |    53 |    54 |     2 ||   109
  Use: Scroll            |     2 |     9 |       ||    11
       Potion            |       |     1 |       ||     1
Armor: Ring mail         |    21 |    28 |       ||    49
       Leather armour    |     2 |       |       ||     2
       Plate armour      |       |     3 |     9 ||    12
Dodge: Dodged            |    42 |    54 |     4 ||   100
